 Dungeon Crawl Stone Soup version 0.24.0-123-gd5b16e6ec5 (webtiles) character file.

Game seed: 7673556253184006214, levelgen mode: deterministic

43 Hasart the Ducker (level 3, 0/27 HPs)
             Began as a Vampire Gladiator on Jan 14, 2020.
             Slain by a goblin
             ... wielding a +0 club
              (2 damage)
             ... on level 2 of the Dungeon.
             The game lasted 00:01:22 (772 turns).

Hasart the Ducker (Vampire Gladiator)                Turns: 772, Time: 00:01:22

Health: 0/27       AC:  4    Str: 14    XL:     3   Next: 37%
Magic:  3/3        EV: 13    Int: 10    God:
Gold:   38         SH:  0    Dex: 15    Spells: 2/2 levels left

rFire    . . .     SeeInvis +   a - +0 war axe
rCold    . . .     Gourm    .   (no shield)
rNeg     . . .     Faith    .   b - +0 leather armour
rPois    .         Spirit   .   c - +0 helmet
rElec    .         Reflect  .   (no cloak)
rCorr    .         Harm     .   (no gloves)
MR       .....                  (no boots)
Stlth    ++........             (no amulet)
HPRegen  0.29/turn              (no ring)
MPRegen  0.08/turn              (no ring)

@: lethally poisoned (0 -> -1), regenerating quickly
A: no food, fangs 3, see invisible, unbreathing
a: Exsanguinate


You were on level 2 of the Dungeon.
You were alive.

You visited 1 branch of the dungeon, and saw 2 of its levels.

You collected 38 gold pieces.

Inventory:

Hand Weapons
 a - a +0 war axe (weapon)
Missiles
 d - 3 throwing nets (quivered)
Armour
 b - a +0 leather armour (worn)
 c - a +0 helmet (worn)
Scrolls
 f - a scroll of fear {unknown}
 j - a scroll of remove curse {unknown}
Potions
 e - a potion of lignification {unknown}
 g - 2 potions of flight {unknown}
 h - a potion of curing {unknown}
 i - 2 potions of brilliance {unknown}


   Skills:
 + Level 2.2 Fighting
 * Level 3.2 Axes
 - Level 1.5 Throwing
 + Level 0.7 Armour
 + Level 3.6 Dodging
 + Level 1.5 Stealth


You had 2 spell levels left.
You didn't know any spells.
Your spell library was empty.

Dungeon Overview and Level Annotations

Branches:
Dungeon (2/15)

Altars:


Innate Abilities, Weirdness & Mutations

You do not eat.
Your natural rate of healing is unusually fast.
You have razor-sharp teeth.
You have supernaturally acute eyesight. (SInv)
You can survive without breathing.


Message History

You kill the kobold!
The goblin throws a stone.
The stone hits you but does no damage.
You feel sick. The goblin closely misses you.
Things that are here:
a +0 short sword; a kobold corpse The goblin hits you with a +0 club.
* * * LOW HITPOINT WARNING * * *
You closely miss the goblin. The goblin hits you but does no damage.
You closely miss the goblin. The goblin closely misses you.
You barely miss the goblin. You bite the goblin.
The goblin is moderately wounded.
You feel sick. The goblin hits you but does no damage.
The goblin barely misses you.
You closely miss the goblin.
The goblin is moderately wounded.
The goblin hits you but does no damage.
You barely miss the goblin.
The goblin is moderately wounded.
The goblin hits you with a +0 club.
You die...

.# # .. .##
###.###..# #
#......... #
#......... #
##...%....# #
##.......... #
#..g@......# ###
#####..)###..###
..#
#.....(##.......
♣ ###.###†....#
# ..#
.......).####
### #######(## #
###..# # #...##
# #.###


You could see a goblin.

Vanquished Creatures
  An adder (D:2)
  2 worms (D:2)
  2 giant cockroaches
  4 hobgoblins
  8 jackals (D:1)
  A bat (D:2)
  3 frilled lizards
  2 goblins (D:1)
  5 kobolds
28 creatures vanquished.

Notes
Turn   | Place    | Note
-------+----------+-------------------------------------------
     0 | D:1      | Hasart the Vampire Gladiator began the quest for the Orb.
     0 | D:1      | Reached XP level 1. HP: 16/16 MP: 1/1
   175 | D:1      | Reached skill level 1 in Stealth
   175 | D:1      | Reached XP level 2. HP: 19/22 MP: 2/2
   756 | D:2      | Reached XP level 3. HP: 12/27 MP: 3/3
   767 | D:2      | HP: 1/27 [goblin/+0 club (4)]
   772 | D:2      | Slain by a goblin

Levels and vault maps discovered:
D:1:      zelgadis_glass_arrival_small, layout_basic, st_stairs_6,
          minmay_pentomino_s2
D:2:      layout_rooms, grunt_ministairs_4, minmay_stone_trees_small,
          hangedman_decor_clover_reticule, ashenzari_altar_1

Skill      XL: |  1  2 |
---------------+-------+-----
Stealth        | 1 |  1.5
Fighting       | 2 |  2.2
Axes           | 3 |  3.2
Throwing       | |  1.5
Armour         | |  0.7
Dodging        | |  3.6

Action                   || total
-------------------------++-------
Melee: War axe           ||    81
       Bite              ||     8
 Stab: Sleeping          ||     1
Armor: Leather armour    ||    33
Dodge: Dodged            ||    66
